 Dungeon Crawl Stone Soup version 0.27.1-33-g824d729ab1 (webtiles) character file.

Game seed: 9227092764316884142

124765 MisterFreud the Intangible (level 16, 0/81 HPs)
             Began as a Felid Berserker on Dec 21, 2021.
             Was the Champion of Trog.
             Slain by a snapping turtle (6 damage)
             ... on level 4 of the Shoals.
             The game lasted 01:09:35 (33774 turns).

MisterFreud the Intangible (Felid Berserker)       Turns: 33774, Time: 01:09:37

Health: 0/81       AC:  3    Str: 13    XL:     16   Next: 10%
Magic:  17/17      EV: 49    Int:  9    God:    Trog [******]
Gold:   2566       SH:  0    Dex: 22    Spells: 15/15 levels left
                                        Lives:  0   Deaths: 4

rFire    . . .     SeeInvis +     - Unarmed
rCold    + . .     Faith    .   (shield unavailable)
rNeg     . . .     Spirit   .   (armour unavailable)
rPois    .         Reflect  .   (helmet unavailable)
rElec    .         Harm     .   (cloak unavailable)
rCorr    .         Rampage  .   (gloves unavailable)
Will     +++++                  (boots unavailable)
Stlth    ++++++....             c - amulet of regeneration
HPRegen  2.23/turn              n - +4 ring of evasion
MPRegen  0.15/turn              u - ring of willpower

@: strong-willed, regenerating, quick
A: very small, claws 1, fangs 3, see invisible, speed 1, shaggy fur 3, stealthy
paws, no weapons or thrown items, no armour, multi-lived, screaming 1, evolution
1, MP-powered wands
}: 1/15 runes: gossamer
a: Renounce Religion, Berserk, Trog's Hand, Brothers in Arms


You were on level 4 of the Shoals.
You worshipped Trog.
Trog was exalted by your worship.
You visited 6 branches of the dungeon, and saw 32 of its levels.
You also visited: Trove.

You collected 2735 gold pieces.
You spent 169 gold pieces at shops.

Inventory:

Jewellery
 b - a +6 ring of intelligence
 c - an amulet of regeneration (around neck)
 f - an amulet of reflection
 g - a ring of poison resistance
 i - an amulet of magic regeneration
 l - a +6 ring of strength
 n - a +4 ring of evasion (left paw)
 p - an amulet of the acrobat
 u - a ring of willpower (right paw)
 x - an amulet of guardian spirit
 D - a ring of resist corrosion
 F - a +6 ring of intelligence
 P - a ring of positive energy
 T - a ring of fire
 Y - a ring of protection from fire
 Z - an amulet of faith
Wands
 e - a wand of iceblast (10)
 o - a wand of paralysis (44)
 q - a wand of flame (25)
 s - a wand of acid (16)
 y - a wand of polymorph (8)
 B - a wand of mindburst (11)
 L - a wand of digging (4)
Scrolls
 a - 2 scrolls of blinking
 j - 6 scrolls of magic mapping
 k - 13 scrolls of teleportation
 E - a scroll of holy word
 G - a scroll of fear
 H - 4 scrolls of torment
 O - 2 scrolls of silence
 R - 2 scrolls of summoning
 S - a scroll of fog
 W - 5 scrolls of identify
Potions
 d - 4 potions of berserk rage
 h - 13 potions of curing
 m - a potion of haste
 r - 7 potions of heal wounds
 t - 3 potions of resistance
 v - 7 potions of flight
 w - 2 potions of might
 z - 2 potions of invisibility
 A - 3 potions of magic
 C - 4 potions of lignification
 J - 3 potions of attraction
 M - 3 potions of ambrosia
 N - 4 potions of cancellation
 Q - a potion of mutation
 U - 4 potions of brilliance
Miscellaneous
 X - a piece from Xom's chessboard (15/15)


   Skills:
 + Level 15.0 Fighting
 O Level 27 Dodging
 - Level 15.0 Stealth
 + Level 16.1 Unarmed Combat
 - Level 0.2 Invocations
 - Level 8.0 Evocations


You had 15 spell levels left.
You didn't know any spells.
Your spell library was empty.

Dungeon Overview and Level Annotations

Branches:
Dungeon (15/15)            Temple (1/1) D:5            Lair (6/6) D:11
 Shoals (4/4) Lair:2       Spider (4/4) Lair:3        Slime (0/5) Lair:6
    Orc (2/2) D:11            Elf (0/3) Orc:2        Vaults (0/5) D:13
 Depths (0/5) D:15

Altars:
Ashenzari
Dithmenos
Hepliaklqana
Makhleb
Nemelex Xobeh
Okawaru
Qazlal
Ru
Uskayaw
The Shining One
Beogh
Lugonu

Shops:
D:10 =   Orc:2 (:[*

Portals:
Abyss: Lair:6

Annotations:
D:6 2 runed translucent doors, Palewisp's ghost, novice MfTm
D:14 Roxanne
Lair:5 exclusion: oklob plant
Lair:6 exclusion: oklob plant
Shoals:2 2 transporters, dragonscale333's ghost, adept GrEE


Innate Abilities, Weirdness & Mutations

You have sharp claws.
You have razor-sharp teeth.
You have supernaturally acute eyesight. (SInv)
You cover ground quickly. (Speed+)
Your thick and shaggy fur keeps you warm. (AC +3, rC+)
Your paws help you pounce on unaware monsters.
You are incapable of wielding weapons or throwing items.
You cannot wear armour.
You gain extra lives every three experience levels.
You occasionally shout uncontrollably at your foes.
You evolve.
You expend magic power (3 MP) to strengthen your wands.


Message History

Moving in this stuff is going to be slow.
Things that are here:
a +0 trident; a merfolk skeleton
Things that are here:
6 boomerangs; a +0 trident; a merfolk skeleton You enter the shallow water.
Moving in this stuff is going to be slow.
You enter the shallow water.
Moving in this stuff is going to be slow.
A merfolk comes into view. It is wielding a +0 trident.
A merfolk is nearby!
A merfolk is nearby!
A sea snake comes into view.
A snapping turtle and a merfolk impaler come into view.
The merfolk impaler is wielding a +2 vorpal trident.
The snapping turtle hisses angrily.
A merfolk comes into view. It is wielding a +0 spear.
The merfolk shouts! x2
The snapping turtle misses you.
The sea snake hisses angrily.
The merfolk impaler shouts!
You scratch the snapping turtle but do no damage.
You bite the snapping turtle, but do no damage.
The snapping turtle completely misses you.
You mangle the snapping turtle!!
The snapping turtle is moderately wounded.
The merfolk hits you from afar with a +0 trident!
The merfolk misses you.
The snapping turtle completely misses you.
The snapping turtle completely misses you.
The merfolk completely misses you.
The merfolk impaler hits you from afar with a +2 vorpal trident!!
The snapping turtle completely misses you.
Your skin crawls.
You feel strong-willed.
The merfolk impaler hits you from afar with a +2 vorpal trident!!
The merfolk hits you from afar with a +0 trident!!
* * * LOW HITPOINT WARNING * * *
The snapping turtle bites you.
You die...

≈≈≈≈≈≈≈≈......).[#######..≈≈≈≈≈≈#
≈≈≈≈≈≈≈≈......(.##.#*≈.###.≈≈≈≈≈#
≈≈≈...≈≈.......≈#...≈.,.##.≈≈≈≈≈#
≈≈,,,,.........##≈.#.*.#*#.≈≈≈≈≈#
≈≈≈,,*#........≈#≈≈.,.≈,##.≈≈≈≈≈#
≈≈≈,,*#.P.......#..#.#.##..≈≈≈≈≈#
≈≈≈,,*#........##Sm.≈...##.≈≈≈≈≈#
≈≈≈≈,*#....P...##tmm≈#,##..≈≈≈≈≈#
≈≈≈≈,,..P...P...@#######..≈≈≈≈≈≈#
≈≈≈≈≈,,,,........##≈#.#..≈≈≈≈≈≈≈#
≈≈≈≈≈≈≈≈,...............≈≈≈≈≈≈≈≈#
≈≈≈≈≈≈≈≈≈PP.............≈≈≈≈≈≈≈≈#
≈≈≈≈≈≈≈≈≈≈≈P≈..........≈≈≈≈≈≈≈≈≈#
≈≈≈≈≈≈≈≈≈≈≈≈≈≈≈≈≈≈.≈≈≈≈≈≈≈≈≈≈≈≈≈#
≈≈≈≈≈≈≈≈≈≈≈≈≈≈≈≈≈≈≈≈≈≈≈≈≈≈≈≈≈≈≈≈#
≈≈≈≈≈≈≈≈≈≈≈≈≈≈≈≈≈≈≈≈≈≈≈≈≈≈≈≈≈≈≈≈#
≈≈≈≈≈≈≈≈≈≈≈≈≈≈≈≈≈≈≈≈≈≈≈≈≈≈≈≈≈≈≈≈≈


You could see a merfolk impaler, a sea snake, a snapping turtle and 2 merfolk.

Vanquished Creatures
  Saint Roka (Orc:2)
  Arachne (Spider:4)
  Jorgrun (Orc:1)
  Rupert (D:13)
  Polyphemus (Shoals:3)
  Kirke (Shoals:2)
  A ghost moth (Spider:3)
  Louise (Spider:3)
  6 emperor scorpions
  2 orc warlords
  3 entropy weavers
  2 merfolk javelineers
  Snorg (Orc:2)
  A fire dragon (D:15)
  6 merfolk impalers
  13 hydras
  An ice dragon (D:15)
  6 boulder beetles
  Harold (Orc:1)
  7 centaur warriors
  Erolcha (D:12)
  A merfolk avatar (Shoals:3)
  2 catoblepae
  13 death yaks
  4 ogre magi
  14 two-headed ogres
  A satyr (Shoals:3)
  4 thrashing horrors (Lair:6)
  A tengu warrior (D:14)
  Urug (Orc:1)
  2 orc high priests
  Sonja (D:10)
  A deep elf knight (D:13)
  5 skeletal warriors
  5 sea snakes
  2 deep elf pyromancers
  11 harpies
  7 orb spiders
  9 orc knights
  2 deep elf zephyrmancers (D:13)
  37 wolf spiders
  10 orc sorcerers
  6 fauns
  9 cyclopes
  10 manticores
  4 merfolk sirens
  Maurice (D:13)
  10 elephants
  7 ugly things
  4 moths of wrath
  A smoke demon (Lair:6)
  3 water nymphs
  A cane toad (shapeshifter) (Spider:4)
  15 cane toads
  2 gargoyles
  A torpor snail (Lair:6)
  5 black mambas
  4 yaktaurs
  A kobold demonologist (D:11)
  Psyche (D:10)
  A rime drake (Lair:2)
  6 komodo dragons
  11 demonic crawlers
  A freezing wraith (D:15)
  3 tengu conjurers
  16 merfolk
  An ancient zyme (Lair:6)
  A meliai (shapeshifter) (Lair:6)
  8 trolls
  A jumping spider (shapeshifter) (Lair:6)
  34 jumping spiders
  4 polar bears
  A wind drake (Shoals:3)
  10 hornets
  18 blink frogs
  Prince Ribbit (D:5)
  A slime creature (Lair:6)
  13 dream sheep
  4 snapping turtles
  A vampire (D:11)
  4 wyverns
  70 redbacks
  3 spriggans
  5 water elementals
  32 tarantellas
  5 basilisks
  48 yaks
  Menkaure (D:5)
  3 chaos spawn (Lair:6)
  2 steam dragons
  13 vampire mosquitoes
  12 wargs
  2 acid dragons
  2 large abominations (Lair:6)
  9 small abominations (Lair:6)
  14 water moccasins
  2 ice beasts
  39 orc warriors
  5 sky beasts
  A black bear (shapeshifter) (D:12)
  A necrophage (D:6)
  A black bear (D:5)
  17 ogres
  9 wolves
  14 centaurs
  3 kobold brigands
  A phantom (D:4)
  19 bullfrogs
  2 wyvern zombies
  28 scorpions
  2 gnoll sergeants (D:8)
  A wyvern skeleton (D:7)
  A water moccasin skeleton (D:6)
  6 killer bees (D:10)
  3 wights (D:7)
  5 electric eels
  2 bullfrog zombies
  A lava snake (D:10)
  7 centaur zombies
  3 hounds
  15 orc priests
  5 jellies
  5 centaur skeletons
  4 iguanas
  A scorpion zombie (D:5)
  15 orc wizards
  4 hell rats (Lair:6)
  3 killer bee zombies
  A centaur simulacrum (D:9)
  11 gnolls
  A howler monkey skeleton (D:7)
  5 adders
  A howler monkey simulacrum (D:9)
  3 ufetubi
  An adder skeleton (D:5)
  A worm (Spider:2)
  A dart slug (D:5)
  68 orcs
  13 ball pythons
  8 bats
  10 endoplasms
  5 giant cockroaches
  11 goblins
  9 hobgoblins
  10 jackals
  4 quokkas
  2 frilled lizards (D:3)
  15 kobolds
  5 rats
1047 creatures vanquished.

Vanquished Creatures (collateral kills)
  3 ghost moths (Spider:4)
  2 emperor scorpions (Spider:4)
  An entropy weaver (Spider:4)
  An orb spider (Spider:4)
  4 wolf spiders
  A water nymph (Shoals:3)
  A troll (Orc:2)
  7 jumping spiders
  3 hornets
  3 redbacks
  A tarantella (Spider:4)
  2 orc warriors
  4 scorpions (Spider:1)
  2 orcs (Orc:2)
35 creatures vanquished.

Vanquished Creatures (others)
  An orc (Orc:2)
  54 fungi
  56 plants
111 creatures vanquished.

Grand Total: 1193 creatures vanquished

Notes
Turn   | Place    | Note
-------+----------+-------------------------------------------
     0 | D:1      | MisterFreud the Felid Berserker began the quest for the
                  | Orb.
     0 | D:1      | Reached XP level 1. HP: 10/10 MP: 2/2
    50 | D:1      | Reached skill level 1 in Stealth
   104 | D:1      | Reached XP level 2. HP: 12/14 MP: 3/3
   335 | D:1      | You fall into a shaft and drop 1 floor!
   693 | D:1      | Reached XP level 3. HP: 9/17 MP: 4/4
  1690 | D:2      | Reached ** piety under Trog
  2095 | D:2      | Found a faded altar of an unknown god.
  2159 | D:2      | Reached XP level 4. HP: 8/21 MP: 5/5
  2227 | D:2      | Found a hide-covered altar of Uskayaw.
  2805 | D:3      | Reached skill level 5 in Stealth
  2865 | D:3      | Reached XP level 5. HP: 24/24 MP: 6/6
  3218 | D:3      | Found a sacrificial altar of Ru.
  3249 | D:3      | Found a stormy altar of Qazlal.
  3477 | D:3      | Reached *** piety under Trog
  3721 | D:4      | Noticed a phantom
  3730 | D:4      | Killed a phantom
  3877 | D:4      | Reached skill level 5 in Unarmed Combat
  3883 | D:4      | HP: 1/24 [poisoned by an adder]
  3989 | D:4      | Noticed an ogre
  3996 | D:4      | Killed an ogre
  3997 | D:4      | Gained mutation: You are covered in thick fur. (AC +2)
                  | [Felid growth]
  3997 | D:4      | Reached XP level 6. HP: 28/28 MP: 7/7
  4335 | D:4      | Found a glowing golden altar of the Shining One.
  4471 | D:5      | Entered Level 5 of the Dungeon
  4473 | D:5      | Noticed Menkaure
  4479 | D:5      | Killed Menkaure
  4540 | D:5      | Noticed a sky beast
  4552 | D:5      | Slain by a sky beast
  4553 | D:5      | Reached XP level 5. HP: -3/24 MP: 6/6
  4570 | D:5      | Noticed a sky beast
  4580 | D:5      | Killed a sky beast
  4581 | D:5      | Reached skill level 5 in Dodging
  4581 | D:5      | Reached XP level 6. HP: 28/28 MP: 7/7
  4644 | D:5      | Reached skill level 6 in Dodging
  4781 | D:5      | Noticed Prince Ribbit
  4788 | D:5      | Killed Prince Ribbit
  4789 | D:5      | Reached skill level 7 in Dodging
  4789 | D:5      | Reached XP level 7. HP: 31/31 MP: 8/8
  4831 | D:5      | Reached skill level 8 in Dodging
  4861 | D:5      | Reached skill level 9 in Dodging
  4963 | D:5      | Reached XP level 8. HP: 34/34 MP: 9/9
  5065 | D:5      | Found a shadowy altar of Dithmenos.
  5080 | D:5      | Reached skill level 10 in Dodging
  5269 | D:5      | Found a staircase to the Ecumenical Temple.
  5433 | Temple   | Entered the Ecumenical Temple
  5550 | D:6      | Reached skill level 5 in Fighting
  5595 | D:6      | Reached **** piety under Trog
  5761 | D:6      | Found a runed translucent door.
  5764 | D:6      | Noticed Palewisp's ghost (novice MfTm)
  6024 | D:6      | Found a runed translucent door.
  6333 | D:7      | Reached XP level 9. HP: 32/41 MP: 10/10
  7776 | D:9      | Found a burning altar of Makhleb.
  7858 | D:9      | Reached ***** piety under Trog
  7923 | D:9      | Reached skill level 11 in Dodging
  7967 | D:9      | Reached XP level 10. HP: 45/45 MP: 11/11
  8455 | D:9      | Found an iron altar of Okawaru.
  8520 | D:9      | Reached skill level 10 in Stealth
  8576 | D:10     | Entered Level 10 of the Dungeon
  8577 | D:10     | Noticed Sonja
  8579 | D:10     | Killed Sonja
  8599 | D:10     | Reached skill level 10 in Unarmed Combat
  8688 | D:10     | Reached skill level 12 in Dodging
  8702 | D:10     | Found Rinnips's Jewellery Boutique.
  9041 | D:10     | Noticed Psyche
  9049 | D:10     | Killed Psyche
  9129 | D:10     | Reached skill level 13 in Dodging
  9510 | D:10     | Reached skill level 14 in Dodging
  9640 | D:11     | Reached XP level 11. HP: 45/48 MP: 12/12
  9715 | D:11     | Found a staircase to the Orcish Mines.
 10005 | D:11     | Found a staircase to the Lair.
 10050 | D:11     | Reached skill level 15 in Dodging
 10393 | D:12     | Noticed Erolcha
 10399 | D:12     | Killed Erolcha
 10476 | D:12     | Noticed a red ugly thing
 10483 | D:12     | Killed a red ugly thing
 10487 | D:12     | Noticed a two-headed ogre
 10500 | D:12     | Killed a two-headed ogre
 10594 | D:12     | Noticed a deep elf pyromancer
 10600 | D:12     | Killed a deep elf pyromancer
 10713 | D:12     | Identified a scroll of acquirement
 10713 | D:12     | Acquired a manual of Dodging
 11046 | Lair:1   | Entered Level 1 of the Lair of Beasts
 11062 | Lair:1   | Noticed a five-headed hydra
 11073 | Lair:1   | Killed a five-headed hydra
 11074 | Lair:1   | Gained mutation: Your thick and shaggy fur keeps you warm.
                  | (AC +3, rC+) [Felid growth]
 11074 | Lair:1   | Reached XP level 12. HP: 53/53 MP: 13/13
 11186 | Lair:1   | Reached ****** piety under Trog
 11955 | Lair:2   | Noticed a four-headed hydra
 11963 | Lair:2   | Killed a four-headed hydra
 12191 | Lair:2   | Reached skill level 15 in Unarmed Combat
 12203 | Lair:2   | Noticed a four-headed hydra
 12221 | Lair:2   | Killed a four-headed hydra
 12510 | Lair:2   | Reached XP level 13. HP: 39/60 MP: 14/14
 12721 | Lair:2   | Found a staircase to the Shoals.
 12751 | Lair:2   | You fall into a shaft and drop 2 floors!
 12891 | Lair:4   | Reached skill level 10 in Fighting
 13090 | Lair:4   | Reached skill level 5 in Evocations
 14070 | Lair:3   | Found a hole to the Spider Nest.
 14749 | Lair:4   | Reached skill level 16 in Dodging
 15465 | Lair:5   | Reached skill level 17 in Dodging
 16202 | Lair:5   | Reached skill level 18 in Dodging
 16202 | Lair:5   | Reached XP level 14. HP: 33/66 MP: 15/15
 16681 | Lair:6   | Entered Level 6 of the Lair of Beasts
 17064 | Lair:5   | Reached skill level 19 in Dodging
 17110 | Lair:6   | Found a staircase to the Slime Pits.
 17718 | Lair:6   | Reached skill level 20 in Dodging
 17858 | Lair:6   | Found a corrupted altar of Lugonu.
 17858 | Lair:6   | Found a one-way gate to the infinite horrors of the Abyss.
 18914 | D:13     | Noticed Rupert
 18926 | D:13     | Killed Rupert
 18927 | D:13     | Reached skill level 15 in Stealth
 19239 | D:13     | Found a portal to a secret trove of treasure.
 19280 | D:13     | Noticed Maurice
 19288 | D:13     | Killed Maurice
 19400 | D:13     | Reached XP level 15. HP: 61/71 MP: 16/16
 19678 | D:13     | Found a gate to the Vaults.
 19897 | D:14     | Identified Roxanne's Catalogue of Earth
 19897 | D:14     | Noticed Roxanne
 20115 | D:14     | Slain by a skeletal warrior
 20116 | D:14     | Reached XP level 14. HP: -3/69 MP: 15/15
 20464 | D:14     | Found a sparkling altar of Nemelex Xobeh.
 20556 | D:15     | Entered Level 15 of the Dungeon
 21786 | D:15     | Found a staircase to the Depths.
 21964 | Orc:1    | Entered Level 1 of the Orcish Mines
 22038 | D:11     | Reached XP level 15. HP: 34/76 MP: 16/16
 22279 | Orc:2    | Entered Level 2 of the Orcish Mines
 22279 | Orc:2    | Noticed Snorg
 22281 | Orc:2    | Found a staircase to the Elven Halls.
 22284 | Orc:2    | Killed Snorg
 22287 | Orc:2    | Found Bisakhlom's Book Emporium.
 22288 | Orc:2    | Noticed an orc warlord
 22421 | Orc:1    | Killed an orc warlord
 22477 | Orc:2    | Found Vaimmeg's Antique Weapon Emporium.
 22508 | Orc:1    | Reached skill level 15 in Fighting
 23081 | Orc:2    | Reached skill level 21 in Dodging
 23116 | Orc:1    | Noticed Urug
 23135 | Orc:1    | Killed Urug
 23185 | Orc:1    | Noticed Jorgrun
 23203 | Orc:1    | Killed Jorgrun
 23648 | Orc:2    | Found Soump's Antique Armour Shoppe.
 23781 | Orc:2    | Noticed Saint Roka
 23893 | Orc:2    | Killed Saint Roka
 23984 | Orc:2    | Found Wobrel's General Store.
 23985 | Orc:2    | Noticed an orc warlord
 24006 | Orc:2    | Gained mutation: Your magical capacity is low. (-10% MP) [a
                  | neqoxec]
 24047 | Orc:2    | Killed an orc warlord
 24134 | Orc:1    | Reached skill level 22 in Dodging
 24149 | Orc:2    | Gained mutation: You are frail. (-10% HP) [a neqoxec]
 24163 | Orc:1    | Lost mutation: Your magical capacity is low. (-10% MP)
                  | [potion of mutation]
 24163 | Orc:1    | Lost mutation: You are frail. (-10% HP) [potion of
                  | mutation]
 24163 | Orc:1    | Gained mutation: You evolve. [potion of mutation]
 24268 | Orc:2    | Bought a potion of curing for 39 gold pieces
 24268 | Orc:2    | Bought a potion of haste for 130 gold pieces
 24424 | Orc:1    | Noticed Harold
 24429 | Orc:1    | Killed Harold
 24599 | Spider:1 | Entered Level 1 of the Spider Nest
 25472 | Spider:1 | Reached skill level 23 in Dodging
 25472 | Spider:1 | Reached XP level 16. HP: 81/81 MP: 17/17
 26967 | Spider:3 | Reached skill level 24 in Dodging
 27488 | Spider:3 | Noticed Louise
 27495 | Spider:3 | Killed Louise
 28294 | Spider:4 | Entered Level 4 of the Spider Nest
 28684 | Spider:4 | Noticed Arachne
 28737 | Spider:4 | Killed Arachne
 28743 | Spider:4 | Reached skill level 25 in Dodging
 29232 | Spider:4 | Reached XP level 17. HP: 85/85 MP: 18/18
 29520 | Spider:4 | Gained mutation: You expend magic power (3 MP) to
                  | strengthen your wands. [evolution]
 29604 | Spider:4 | Reached skill level 26 in Dodging
 29604 | Spider:4 | HP: 4/85 [wolf spider (12)]
 29808 | Spider:4 | HP: 3/85 [emperor scorpion (7)]
 29808 | Spider:4 | Mangled by an emperor scorpion
 29809 | Spider:4 | Reached XP level 16. HP: -12/81 MP: 8/17
 30033 | Spider:4 | Got a gossamer rune of Zot
 30304 | Shoals:1 | Entered Level 1 of the Shoals
 31421 | Shoals:2 | Found a transporter.
 31423 | Shoals:2 | Found the +15 Maxwell's patent armour {-Cast -Tele rElec
                  | Will+ rCorr}
 31425 | Shoals:2 | Found a transporter.
 31426 | Shoals:2 | Noticed dragonscale333's ghost (adept GrEE)
 31426 | Shoals:2 | Noticed a kraken
 31462 | Shoals:2 | Noticed Kirke
 31544 | Shoals:2 | Killed Kirke
 31759 | Shoals:3 | Noticed Polyphemus
 31760 | Shoals:3 | Killed Polyphemus
 32147 | Shoals:3 | Killed from afar by a water nymph
 32148 | Shoals:3 | Reached XP level 15. HP: -5/77 MP: 16/16
 32661 | Shoals:3 | Gained mutation: You occasionally shout uncontrollably at
                  | your foes. [evolution]
 32699 | Shoals:4 | Entered Level 4 of the Shoals
 32738 | Shoals:4 | Reached skill level 27 in Dodging
 33123 | D:13     | You paid a toll of 6 potions of haste to enter a treasure
                  | trove
 33124 | Trove    | Entered a treasure trove
 33402 | Shoals:4 | Reached XP level 16. HP: 81/81 MP: 17/17
 33774 | Shoals:4 | Slain by a snapping turtle

Illustrated notes

Levels and vault maps discovered:
D:1:      dpeg_arrival_prison, layout_basic, minmay_misc_feat_four_crosses,
          minmay_misc_feat_pillars
D:2:      layout_loops_corners, basic_altar, basic_ecumenical_altar,
          serial_rivers, chequers_serial_rivers_micro_c,
          chequers_serial_rivers_small_3, chequers_serial_rivers_micro_c,
          chequers_serial_rivers_micro_e, chequers_serial_rivers_marsh
D:3:      layout_basic, mainiacjoe_overflow_big_doors
D:4:      layout_cave_pods, kennysheep_mini_moat
D:5:      minmay_chambers_of_fours, layout_loops_ring, grunt_dithmenos_smoke,
          minmay_temple_entry_trees, uniq_menkaure, uniq_prince_ribbit1
D:6:      layout_basic, ebering_ghost_sewer_f
D:7:      layout_loops_ring
D:8:      layout_basic
D:9:      layout_small_grid, bloody_makhleb, mainiacjoe_overflow_alcove_1,
          serial_ice, serial_ice_h, serial_ice_d, serial_ice_f, serial_ice_e,
          dk_noncrumbling_4
D:10:     layout_basic, serial_shops, shop, fountainhead,
          kennysheep_big_empty_room, minivault_5, solitary_fountain, uniq_sonja,
          uniq_psyche
D:11:     layout_roguey, lair_entry_dummy, david_orc_5, minmay_between
D:12:     cheibrodos_elevator_heist, layout_loops_ring, uniq_erolcha
D:13:     layout_roguey, hangedman_vaults_entry_quadrant_bands, enter_trove_3,
          uniq_rupert, uniq_maurice
D:14:     layout_rooms, nemelex_diamond_rough_becter, uniq_roxanne
D:15:     grunt_enter_depths_hoard, layout_cave_pods, st_stairs_5,
          minmay_unpleasant_kobolds
Temple:   lightli_temple_of_artemis
Lair:1:   layout_roguey, grunt_megastairs_4, serial_bayou_shore_b
Lair:2:   nzn_winding_woodlands_three_and_one [nzn_winding_woodlands_5x15_pool,
          nzn_winding_woodlands_5x15_jagged, nzn_winding_woodlands_5x15_garden,
          nzn_winding_woodlands_center_garden], layout_small_grid,
          elwin_shoals_entry_rocks, beast_lair_carwin_5
Lair:3:   layout_cave_pods, spider_nest_entry_web_field
Lair:4:   layout_cave_pods
Lair:5:   layout_small_grid, serial_bayou_shore_b, minmay_lair_oklob_chamber,
          grunt_megastairs_1, serial_bayou_shore_a
Lair:6:   hellmonk_lair_end_abyssal_woods, layout_layer_cave,
          minmay_slime_entry_pillars
Shoals:1: layout_shoals
Shoals:2: layout_shoals, ebering_ghost_davey_jones, uniq_kirke
Shoals:3: layout_shoals, uniq_polyphemus
Shoals:4: shoals_end_grunt_ice, layout_shoals, gammafunk_ghost_grave
Spider:1: spiders_nest_a, nicolae_spider_wall_of_niches
Spider:2: layout_spider_delve, nicolae_spider_stair_cavern
Spider:3: layout_chambers, drop_trap, spiders_nest_the_unseen, uniq_louise
Spider:4: spider_rune_water, nicolae_arachne_temple
Orc:1:    layout_diamond_mine, uniq_urug, uniq_jorgrun, uniq_harold
Orc:2:    grunt_orc_gardens, layout_caves, grunt_orc_garden, grunt_orc_garden,
          grunt_orc_garden, grunt_orc_garden, mines2_lemuel, uniq_saint_roka,
          uniq_snorg

Skill      XL: |  1  2  3  4  5  6  7  8  9 10 11 12 13 14 15 16 17 |
---------------+----------------------------------------------------+-----
Stealth        | 1 2 3 5 6 7 9 10 11 15 | 15.0
Unarmed Combat | 4 5 6 9 10 13 15 16 | 16.1
Evocations     | 2 8 |  8.0
Dodging        | 5 7 9 10 11 14 15 18 20 27 25 26 | 27.0
Fighting       | 6 8 10 14 15 | 15.0
Invocations    | |  0.2

Action                   |  1- 3 |  4- 6 |  7- 9 | 10-12 | 13-15 | 16-18 || total
-------------------------+-------+-------+-------+-------+-------+-------++-------
Melee: Unarmed           |    87 |   143 |   279 |   561 |  1850 |  1165 ||  4085
       Punch             |     2 |     1 |    12 |    34 |   188 |   111 ||   348
       Bite              |     4 |     5 |    33 |    90 |   303 |   199 ||   634
Invok: Berserk           |     2 |     5 |     9 |    17 |    49 |    27 ||   109
       Trog's Hand       |       |     1 |     2 |     4 |    15 |     8 ||    30
       Brothers in Arms  |       |       |       |       |     8 |     5 ||    13
Evoke: Wand              |       |       |       |     2 |     8 |    12 ||    22
  Use: Scroll            |       |       |     2 |    20 |     9 |     7 ||    38
       Potion            |       |       |       |       |     4 |     5 ||     9
 Stab: Sleeping          |    14 |    13 |    23 |    20 |    63 |    25 ||   158
       Distracted        |       |     1 |       |     1 |     5 |     4 ||    11
       Held in net/web   |       |       |       |       |       |     1 ||     1
Armor: Skin              |     4 |     5 |    13 |    18 |    41 |    27 ||   108
Dodge: Dodged            |    58 |   123 |   280 |   550 |  2175 |  2076 ||  5262
